 Dungeon Crawl Stone Soup version 0.17.1-3-g152610e (webtiles) character file.

155 ololoev the Chopper (level 5, -4/41 HPs)
             Began as a Demonspawn Fighter on Feb 17, 2016.
             Slain by a centaur zombie (5 damage)
             ... on level 5 of the Dungeon.
             The game lasted 00:03:39 (495 turns).

ololoev the Chopper (Demonspawn Fighter)             Turns: 495, Time: 00:03:39

Health: -4/41      AC:  8    Str: 17      XL:     5   Next: 14%
Magic:  5/5        EV:  6    Int:  9      God:
Gold:   68         SH: 10    Dex: 11 (13) Spells: 0 memorised, 4 levels left

rFire  + . .     SeeInvis .     a - +0 war axe
rCold  + . .     Clarity  .     b - +0 scale mail
rNeg   . . .     SustAt   .     c - +0 shield
rPois  +         Gourm    .     (no helmet)
rElec  +         Spirit   .     (no cloak)
rCorr  +         Warding  .     (no gloves)
rMut   .         Stasis   .     (no boots)
MR     +....                    (no amulet)
Stlth  ..........               (no ring)
                                f - ring of protection from magic

@: resistant, somewhat resistant to hostile enchantments, extremely unstealthy
A: talons 1, large bone plates 1
a: no special abilities


Innate Abilities, Weirdness & Mutations

You have sharp toenails.
You are partially covered in large bone plates (AC +2, SH +2).

Inventory:

Hand Weapons
 a - a +0 war axe (weapon)
Missiles
 h - 13 poisoned needles
Armour
 b - a +0 scale mail (worn)
 c - a +0 shield (worn)
Jewellery
 f - a ring of protection from magic (left hand)
Scrolls
 g - 2 scrolls of identify {unknown}
 j - a scroll of immolation {unknown}
 k - a scroll of teleportation {unknown}
 m - 3 scrolls of remove curse {unknown}
Comestibles
 e - 2 bread rations
 l - a meat ration


   Skills:
 - Level 3.0 Fighting
 * Level 4.2 Axes
 + Level 3.6 Armour
 - Level 2.6 Shields


You had 4 spell levels left.
You didn't know any spells.


You were on level 5 of the Dungeon.
You were not hungry.

You visited 2 branches of the dungeon, and saw 6 of its levels.

You collected 68 gold pieces.

...... ......#
....... ....... ##
....... ..##
.......####...# ..
......Z#....###.. .
. .......@..##...
....
.........#..###..#.
........#..#...#.. .
........#.#.###.#. .
...#?.##.#.#...#.#.#
.##... #.#.#.>.#.#.#
#..## #.#.#...#.#.##
.?# .#.#.###.#.#.#
.# . ..#...#..#.#

Notes
Turn   | Place    | Note
--------------------------------------------------------------
     0 | D:1      | ololoev the Demonspawn Fighter began the quest for the Orb.
     0 | D:1      | Reached XP level 1. HP: 18/18 MP: 1/1
   166 | D:2      | Gained mutation: You have sharp toenails. [demonic ancestry]
   166 | D:2      | Reached XP level 2. HP: 4/24 MP: 2/2
   194 | D:3      | Reached XP level 3. HP: 10/29 MP: 3/3
   265 | D:3      | HP: 1/29 [orc wizard/dagger of speed (2)]
   266 | D:3      | Gained mutation: You are partially covered in large bone plates (AC +2, SH +2). [demonic ancestry]
   266 | D:3      | Reached XP level 4. HP: 1/35 MP: 4/4
   386 | D:4      | Found an opulent altar of Gozag.
   411 | D:5      | Entered Level 5 of the Dungeon
   424 | D:5      | Found a staircase to the Ecumenical Temple.
   433 | Temple   | Entered the Ecumenical Temple
   477 | D:5      | Reached skill level 4 in Axes
   486 | D:5      | Reached XP level 5. HP: 11/41 MP: 5/5
   490 | D:5      | HP: 2/41 [centaur zombie (6)]
   495 | D:5      | Slain by a centaur zombie

Dungeon Overview and Level Annotations

Branches:
Dungeon (5/15)             Temple (1/1) D:5

Altars:
Ashenzari
Cheibriados
Fedhas
Gozag
Kikubaaqudgha
Ru
Trog
Vehumet


Message History

You slash the jelly!
Your hands burn!
You claw the jelly, but do no damage.
The jelly is moderately wounded.
You block the jelly's attack. The jelly barely misses you.
Unknown command.
You hit the jelly. The acid corrodes you!
Your hands burn!
You claw the jelly.
The jelly is severely wounded.
You hit the centaur zombie but do no damage.
The centaur zombie barely misses you. The jelly hits you but does no damage.
The centaur zombie hits you.
Unknown command.
You hit the centaur zombie but do no damage.
You claw the centaur zombie, but do no damage.
You slash the jelly!
You kill the jelly!
You have reached level 5!
You block the centaur zombie's attack. x2
You hit the centaur zombie but do no damage.
You claw the centaur zombie. You block the centaur zombie's attack.
Unknown command.
You hit the centaur zombie.
You claw the centaur zombie, but do no damage.
The centaur zombie hits you. You block the centaur zombie's attack.
Unknown command.
You hit the centaur zombie. You block the centaur zombie's attack.
The centaur zombie hits you.
You slash the centaur zombie! You block the centaur zombie's attack.
The centaur zombie hits you.
You slash the centaur zombie! You block the centaur zombie's attack.
The centaur zombie barely misses you.
You hit the centaur zombie. You block the centaur zombie's attack.
You hit the centaur zombie. The centaur zombie hits you.
You block the centaur zombie's attack.
You hit the centaur zombie but do no damage.
The centaur zombie hits you but does no damage.
You block the centaur zombie's attack.
You hit the centaur zombie but do no damage.
You are no longer corroded.
The centaur zombie hits you but does no damage.
The centaur zombie hits you.
You die...

You could see a centaur zombie.

Vanquished Creatures
  A scorpion (D:5)
  A jelly (D:5)
  2 orc wizards (D:3)
  An ooze (D:2)
  A worm (D:3)
  11 orcs (D:3)
  A bat (D:1)
  A giant cockroach (D:1)
  A hobgoblin (D:1)
  2 kobolds
  A giant newt (D:4)
  A rat (D:1)
24 creatures vanquished.

Action                   |  1- 3 |  4- 6 || total
-------------------------+-------+-------++-------
Melee: War axe           |    55 |    22 ||    77
  Use: Potion            |     5 |     2 ||     7

Vault maps used:
D:1:      tarquinn_simple_flora_water_a, hangedman_decor_lopped
D:2:      okawaru_gym_becter, kennysheep_generic_room_6
D:3:      lemuel_round_altar
D:4:      first_bread, nicolae_gozag_cash_rules_everything_around_me,
          uniq_eustachio, uniq_grinder, uniq_edmund, uniq_duvessa,
          uniq_blork_the_orc
D:5:      grunt_temple_overflow_opulence, kennysheep_mini,
          grunt_dithmenos_shadows, tso_oasis_becter,
          minmay_temple_entry_steel_oval, uniq_pikel, uniq_menkaure
Temple:   nicolae_temple_great_sept
